Zazza, neutral female human Tourist ------ -.r..| |(..!. |....| |....| ------ ------------- ....| |....| .`.... ....`| -f- |<...| |.... ....| `##@# |.....############# |...-----...| # ------ # |...|.{.|...| ### ### |..`|{.{|`..| # # |...|.{.|...| ### ##-...--.--....# -.------- |.....`.....|# |.......| |`.........`|### |.......| ------------- # |.......| ##........| --------- Zazza the Rambler Experience level: 1 Strength: 15 Dexterity: 12 Constitution: 17 Intelligence: 13 Wisdom: 6 Charisma: 18 Health: 0(14) Energy: 2(2) Def: 8 Gold: 1478 Moves: 2532 Dungeon seed: g4HZecmwg-7LKH-c Game ID: Zazza_1619384207 Your Inventory: Coins $ - 1478 gold pieces Weapons a - 34 +2 darts (in quiver) R - a +1 elven dagger (weapon in hand) U - 2 +0 darts Armor e - an uncursed +0 Hawaiian shirt n - an uncursed +1 orcish helm (being worn) y - an uncursed +0 dunce cap M - an uncursed +0 dwarvish mithril-coat (being worn) N - an uncursed +0 pair of gauntlets of dexterity Y - an uncursed +0 orcish helm Comestibles b - 3 uncursed tripe rations d - 9 uncursed food rations f - an uncursed orange h - an uncursed egg v - 2 uncursed tripe rations Scrolls j - an uncursed scroll of magic mapping o - a cursed scroll of identify C - an uncursed scroll of enchant armor D - an uncursed scroll of remove curse Spellbooks p - an uncursed spellbook of confuse monster S - an uncursed spellbook of light Potions i - 2 uncursed potions of extra healing Wands u - a wand of light (0:12) P - a wand of light (0:13) Tools l - an expensive camera (0:34) m - an uncursed credit card Q - an uncursed lock pick Gems q - 2 uncursed worthless pieces of yellowish brown glass r - an uncursed amber stone z - an uncursed topaz stone Spells and supernatural/magical abilities: Name Level Category Fail Memory u - confuse monster 2 enchantment 100% 89% W - pray for help -- divine ? -- Your skills at the end: Fighting Skills Weapon Skills dart [Basic] Spellcasting Skills Final Attributes: You were nominally aligned. You are dead. Vanquished creatures: a small mimic 2 rothes a centipede a dwarf zombie an iguana a hobbit 9 manes 2 giant rats a yellow mold a green mold a gecko 7 jackals a kobold 4 goblins 4 grid bugs 7 lichens 4 kobold zombies 9 newts 57 creatures vanquished. Voluntary challenges: You never hit with a wielded weapon. You read items or engraved 11 times, starting on turn 141. You never genocided any monsters. You never polymorphed an object. You never changed form. You used no wishes. You never split a pudding. You wrote Elbereth's name 5 times, starting on turn 345. You never violated your personal moral code. Dungeon overview: The Dungeons of Doom: levels 1 to 8 Level 1 a fountain, a sink a long staircase Level 2 a general store, a fountain Level 3 some fountains Level 4 a fountain Level 5 an armor shop, a fountain Level 6 a throne Level 7 Level 8 <- You were here many fountains History has recorded: On T:1 you entered the Dungeons of Doom to retrieve the Amulet of Yendor! On T:473 you reached level 2 of The Dungeons of Doom. On T:959 you reached level 3 of The Dungeons of Doom. On T:1340 you reached level 4 of The Dungeons of Doom. On T:1542 you reached level 5 of The Dungeons of Doom. On T:1998 you reached level 6 of The Dungeons of Doom. On T:2161 you reached level 7 of The Dungeons of Doom. On T:2413 you reached level 8 of The Dungeons of Doom. Score breakdown: Gold: 927 (10094 points) Experience: 1 level ( 0 points) Exploration: 8 levels ( 16.33%) (11456 points) Discoveries: 10 items ( 3.36%) ( 5495 points) Valuables value: (no points given unless you survive) Artifact value: 0 ( 0 points) Variety of kills: 18 monsters ( 4.72%) ( 6520 points) Turncount: 2532 turns ( -349 points) Survival: died (score multiplied by 80%) Total score: 26572 Latest messages: The manes bites! It is hit. It is destroyed! Armand bites the manes. The manes is destroyed! Armand bites the manes. The manes is destroyed! The kobold misses. The rabid rat bites! You displace Armand. You hear some noises. You stop. Armand is in the way! You displace Armand. There is a doorway here. You see here 2 darts. U - 2 darts. Armand bites the manes. The manes is destroyed! You displace Armand. You hear a nearby zap. The bolt of lightning hits you! Your wand of polymorph breaks apart and explodes! Your wand of cold breaks apart and explodes! You hear the wailing of the Banshee... You die... Final status: Aloha Zazza the Tourist, killed by a bolt of lightning... You died in The Dungeons of Doom on dungeon level 8 with 26572 points, and 1478 pieces of gold, after 2532 moves. You were level 1 with a maximum of 14 hit points when you died.